cohdb
Replays
Latest Replays
All Replays
Popular Replays
Top Player Replays
Match Explorer
How It Works
Community
CoH3 Stats
Reddit
Sign in to upload your games and track your stats! →
Sign in with Steam
Match 44296202
Unlisted
Match 44296202
Overview
Messages
Build Orders
End
Selects Italian Combined Arms Battlegroup
Selects Bersaglieri Squad
Bersaglieri Squad
Kradschützen Motorcycle Team
Bersaglieri Squad
Bersaglieri Squad
Construct Light Support Kompanie
Fire Support Elements
Selects Bersaglieri Bolster
Flakvierling Half-track
Vehicle Survival Package
Construct Mechanized Kompanie
Selects Breda Model 30 Light Machine Guns
StuG III D Assault Gun
Marder III Tank Destroyer
Selects Semovente da 75/18 Assault Gun
Symbiosis
CAuMOH
bobik
Bradare
0
0
Comments
sign in to comment!
No comments posted yet!